 Dungeon Crawl Stone Soup version 0.29-a0-997-gf6f7e2dfe7 (webtiles) character file.

Game seed: 14005241072717435646

788 Newt the Cudgeller (level 7, -4/45 HPs)
             Began as an Octopode Transmuter on Aug 4, 2022.
             Killed from afar by an electric eel (12 damage)
             ... with a bolt of electricity
             ... on level 5 of the Dungeon.
             The game lasted 00:07:32 (4708 turns).

Newt the Cudgeller (Octopode Transmuter)            Turns: 4708, Time: 00:07:33

Health: -4/45      AC:  1    Str: 20    XL:     7   Next: 87%
Magic:  10/11      EV: 13    Int: 15    God:
Gold:   177        SH:  0    Dex: 12    Spells: 9/12 levels left

rFire   . . .      SeeInvis .   k - +10 whip of Irequem {freeze, rC+ Str+2}
rCold   + . .      Faith    .   (no shield)
rNeg    . . .      Spirit   .   (helmet restricted)
rPois   .          Reflect  .   (no amulet)
rElec   .          Harm     .   g - +6 ring of strength
rCorr   .          Rampage  .   (no ring)
Will    .....                   (no ring)
Stlth   ++++......              (no ring)
HPRegen 0.15/turn               (no ring)
MPRegen 0.12/turn               (no ring)
                                (no ring)
                                (no ring)

@: wereblooded
A: almost no armour, amphibious, 8 rings, camouflage 1, gelatinous body 1,
(nimble swimmer 1), tentacles, tentacle spike 1, evolution 1, MP-powered wands
a: no special abilities


You were on level 5 of the Dungeon.
You visited 1 branch of the dungeon, and saw 5 of its levels.
You also visited: Sewer.

You collected 177 gold pieces.

Inventory:

Hand Weapons
 k - the +10 whip of Irequem (weapon) {freeze, rC+ Str+2}
   (You found it on level 2 of the Dungeon)

   It freezes those it strikes, dealing additional cold damage.
   It can also slow down cold-blooded creatures.
   Str:       It affects your strength (+2).
   rC:        It protects you from cold.
Jewellery
 c - an amulet of faith
 g - a +6 ring of strength (left tentacle)
Wands
 j - a wand of charming (9)
Scrolls
 i - 3 scrolls of vulnerability
 m - 2 scrolls of enchant armour
 o - a scroll of teleportation
Potions
 a - a potion of lignification
 b - a potion of resistance
 d - 4 potions of curing
 f - 2 potions of invisibility
 h - 3 potions of degeneration
 l - a potion of berserk rage
 n - a potion of flight


   Skills:
 + Level 2.0 Fighting
 * Level 5.0 Maces & Flails
 + Level 2.7 Dodging
 + Level 4.8 Stealth
 + Level 4.1 Unarmed Combat
 + Level 3.2 Spellcasting
 + Level 3.2 Transmutations
 + Level 0.2 Evocations


You had 9 spell levels left.
You knew the following spells:

 Your Spells              Type           Power      Damage    Failure   Level
a - Beastly Appendage     Tmut           24%        N/A       5%          1
b - Wereblood             Tmut           12%        N/A       8%          2

Your spell library contained the following spells:

 Spells                   Type           Power      Damage    Failure   Level
 Spider Form              Tmut/Pois      7%         N/A       30%         3
 Ice Form                 Ice/Tmut       7%         N/A       69%         4


Dungeon Overview and Level Annotations

Branches:
Dungeon (5/15)              Sewer (visited)
 Temple: D:4-7

Altars:
Trog


Innate Abilities, Weirdness & Mutations

You cannot wear most types of armour.
You are amphibious.
You can wear up to eight rings at the same time.
Your skin changes colour to match your surroundings (Stealth+).
Your rubbery body absorbs attacks. (AC +1, EV +1)
((You are camouflaged when in or above water. (Stealth+)))
You have tentacles for arms and can constrict up to eight enemies at once.
One of your tentacles bears a spike.
You have hidden genetic potential.
You expend magic power (3 MP) to strengthen your wands.


Message History

You whack the yak! You freeze the yak.
Your tentacle spike misses the yak.
The yak is severely wounded.
The yak barely misses you.
You closely miss the yak.
You pierce the yak.
Your squeeze misses the yak.
The yak is severely wounded.
The yak barely misses you.
You barely miss the yak.
The yak is severely wounded.
The yak gores you!
Unknown command.
You whack the yak! You freeze the yak.
You pierce the yak.
You feel a bit better.
You kill the yak!
Your Fighting skill increases to level 2!
Your Maces & Flails skill increases to level 5!
Unknown command.
You open the door.
The electric eel shoots out a bolt of lightning at you!
The bolt of electricity hits the plant!
The plant begins to die.
The bolt of electricity hits you!
There is an open door here.
The electric eel shoots out a bolt of lightning at you!
The bolt of electricity hits the plant!
The bolt of electricity hits you!
* * * LOW HITPOINT WARNING * * *
You feel much better.
The electric eel shoots out a bolt of lightning at you!
The bolt of electricity hits the plant!
The plant begins to die.
The bolt of electricity hits the plant!
The plant begins to die.
The bolt of electricity hits you!
The electric eel shoots out a bolt of lightning at you!
The bolt of electricity hits the plant.
The bolt of electricity hits the plant!
The bolt of electricity hits you.
The electric eel shoots out a bolt of lightning at you!
The bolt of electricity hits the plant!
The bolt of electricity hits you.
* * * LOW HITPOINT WARNING * * *
There is an open door here.
The electric eel shoots out a bolt of lightning at you!
The bolt of electricity hits the plant.
The bolt of electricity hits the plant!
The bolt of electricity hits you!
You die...

#~##≈≈≈##.?~[.#...(.#
#~#≈S.SS#$P~~?#.....#
#~#?!.?~#...P~#.#...####
#~#~.PP.#.....#.#......#
#.#.P.PP# #.#.#.....
#.#.....# ###.####.#
#.#.....#####..##.####.#
#.##..'##~~~..##........
##.####@.~#####.#.####..
##~~~..###.............
####### ##..#.#.####..
###..#.#.# .........#
###.....#####..
......#........
.###....######. #
#.#...#


You could see 2 electric eels.

Vanquished Creatures
  A yak (D:5)
  Pargi (Sewer)
  An ogre (D:4)
  A phantom (D:4)
  A bullfrog (D:5)
  A scorpion (D:5)
  A hound (D:5)
  Crazy Yiuf (D:2)
  Jessica (D:2)
  An orc wizard (D:4)
  Robin (D:2)
  4 adders
  A worm (D:2)
  3 dart slugs
  9 orcs
  5 bats
  7 giant cockroaches
  9 goblins
  9 hobgoblins
  8 jackals
  7 kobolds
  6 quokkas (D:4)
  2 ball pythons (D:4)
  9 frilled lizards
  A rat (D:2)
91 creatures vanquished.

Vanquished Creatures (collateral kills)
  An adder (D:3)
  A rat (D:3)
2 creatures vanquished.

Vanquished Creatures (others)
  14 plants
14 creatures vanquished.

Grand Total: 107 creatures vanquished

Notes
Turn   | Place    | Note
-------+----------+-------------------------------------------
     0 | D:1      | Newt the Octopode Transmuter began the quest for the Orb.
     0 | D:1      | Reached XP level 1. HP: 13/13 MP: 3/3
   218 | D:1      | Found a faded altar of an unknown god.
   408 | D:1      | Reached XP level 2. HP: 18/18 MP: 5/5
   545 | D:1      | Learned a level 2 spell: Wereblood
  1104 | D:2      | Noticed Robin
  1118 | D:2      | Killed Robin
  1119 | D:2      | Reached XP level 3. HP: 17/23 MP: 2/6
  1181 | D:2      | Identified the +0 chain mail "Koguga" {Int+3 Dex+4}
  1198 | D:2      | Reached skill level 1 in Stealth
  1403 | D:2      | Identified the +10 whip of Irequem {freeze, rC+ Str+2}
  1429 | D:2      | Noticed Jessica
  1438 | D:2      | Killed Jessica
  1439 | D:2      | Reached XP level 4. HP: 25/28 MP: 3/7
  1483 | D:2      | Gained mutation: You have an increased reservoir of magic.
                  | (+10% MP) [potion of mutation]
  1483 | D:2      | Gained mutation: Your body sometimes deteriorates upon
                  | taking damage. [potion of mutation]
  1496 | D:2      | Found a runed translucent door.
  1497 | D:2      | Noticed Crazy Yiuf
  1504 | D:2      | Killed Crazy Yiuf
  1862 | D:2      | Identified the +1 leather armour "Utzor" {rPois Str+3
                  | Int+6}
  2091 | D:3      | Reached skill level 1 in Maces & Flails
  2091 | D:3      | Reached XP level 5. HP: 33/33 MP: 9/9
  2201 | D:3      | Found a bloodstained altar of Trog.
  2914 | D:4      | Noticed a phantom
  2919 | D:4      | Killed a phantom
  2920 | D:4      | Reached skill level 2 in Maces & Flails
  2920 | D:4      | Reached XP level 6. HP: 38/38 MP: 6/11
  3467 | D:4      | Found a glowing drain.
  3485 | Sewer    | Entered a sewer
  3554 | Sewer    | Noticed Pargi
  3558 | Sewer    | Killed Pargi
  3559 | Sewer    | Reached skill level 3 in Maces & Flails
  3559 | Sewer    | Reached XP level 7. HP: 30/43 MP: 12/12
  4332 | D:5      | Entered Level 5 of the Dungeon
  4364 | D:5      | Lost mutation: You have an increased reservoir of magic.
                  | (+10% MP) [potion of mutation]
  4364 | D:5      | Lost mutation: Your body sometimes deteriorates upon taking
                  | damage. [potion of mutation]
  4364 | D:5      | Gained mutation: You expend magic power (3 MP) to
                  | strengthen your wands. [potion of mutation]
  4364 | D:5      | Gained mutation: One of your tentacles bears a spike.
                  | [potion of mutation]
  4364 | D:5      | Gained mutation: You have hidden genetic potential. [potion
                  | of mutation]
  4672 | D:5      | Reached skill level 4 in Maces & Flails
  4689 | D:5      | Noticed a yak
  4701 | D:5      | Killed a yak
  4702 | D:5      | Reached skill level 5 in Maces & Flails
  4708 | D:5      | Killed from afar by an electric eel

Illustrated notes

Levels and vault maps discovered:
D:1:      dpeg_arrival_tiny_a, layout_basic,
          shapermc_ecumenical_altar_mp_highgroup
D:2:      layout_basic, uniq_crazy_yiuf_cottage, uniq_jessica, uniq_robin
D:3:      layout_basic, general_overflow_altar, columned_hall_lemuel,
          kennysheep_minor_cross
D:4:      wad_lake_hut, layout_loops_ring, gup_sewer_entry_pipe,
          hangedman_decor_clover_reticule, kennysheep_crisscross
D:5:      cheibrodos_two_vegetables, layout_loops_ring,
          okawaru_ov_weapons_minmay, hangedman_abyss_or_decor_stabs

Skill      XL: |  1  2  3  4  5  6  7 |
---------------+----------------------+-----
Stealth        | 2 3 4 |  4.8
Unarmed Combat | 4 |  4.1
Maces & Flails | 1 2 3 5 |  5.0
Spellcasting   | 3 |  3.2
Transmutations | 3 |  3.2
Fighting       | 2 |  2.0
Dodging        | |  2.7
Evocations     | |  0.2

Action                   |  1- 3 |  4- 6 |  7- 9 || total
-------------------------+-------+-------+-------++-------
Melee: Unarmed           |    40 |       |       ||    40
       Constrict         |    13 |     8 |     7 ||    28
       Tentacles         |     7 |     7 |     6 ||    20
       Kick              |     7 |     4 |     7 ||    18
       Punch             |     1 |     1 |       ||     2
       Whip              |     4 |    65 |    38 ||   107
 Cast: Beastly Appendage |     6 |     8 |     1 ||    15
       Wereblood         |     2 |     6 |     2 ||    10
Evoke: Wand              |       |     2 |       ||     2
  Use: Scroll            |     2 |     8 |     8 ||    18
       Potion            |       |     2 |     2 ||     4
 Stab: Sleeping          |     3 |    13 |     1 ||    17
Armor: Skin              |     5 |     7 |       ||    12
Dodge: Dodged            |    27 |    28 |    17 ||    72

Table legend: (Time is in decaauts)
 A = Elapsed time spent in this place.
 B = Non-inter-level travel time spent in this place.
 C = Inter-level travel time spent in this place.
 D = Time resting spent in this place.
 E = Time spent auto-exploring this place.
 F = Levels seen in this place.
 G = Mean time per level.
                   A        B        C        D        E       F      G
               +--------+--------+--------+--------+--------+-----+--------+
         Total |   4687 |   4420 |    267 |    276 |   3568 |   6 |  781.2 |
       Dungeon |   4482 |   4215 |    267 |    276 |   3413 |   5 |  896.4 |
         Sewer |    204 |    204 |      0 |      0 |    155 |   1 |  204.0 |
               +--------+--------+--------+--------+--------+-----+--------+

Top non-repeatable levels by time:
     D:4: 1209 daAuts
     D:1: 1055 daAuts
     D:3: 975 daAuts
     D:2: 869 daAuts
     D:5: 374 daAuts
   Sewer: 204 daAuts
